 Dungeon Crawl Stone Soup version 0.27-a0-522-g46bbb28828 (webtiles) character file.

Game seed: 8519830719961403394

42 tilp the Sneak (level 3, -2/23 HPs)
             Began as an Octopode Transmuter on Mar 4, 2021.
             Killed from afar by an orc wizard (6 damage)
             ... with a magic dart
             ... on level 3 of the Dungeon.
             The game lasted 00:03:42 (2686 turns).

tilp the Sneak (Octopode Transmuter)                Turns: 2686, Time: 00:03:43

Health: -2/23      AC:  1    Str:  9    XL:     3   Next: 56%
Magic:  4/6        EV: 17    Int: 16    God:
Gold:   92         SH:  0    Dex: 12    Spells: 0/6 levels left

rFire    + . .     SeeInvis .     - Unarmed
rCold    + . .     Faith    .   (no shield)
rNeg     . . .     Spirit   .   (helmet restricted)
rPois    +         Reflect  .   (no amulet)
rElec    +         Harm     .   k - ring of wizardry
rCorr    +         Rampage  .   m - +4 ring of evasion
Will     .....                  (no ring)
Stlth    +++.......             (no ring)
HPRegen  0.07/turn              (no ring)
MPRegen  0.10/turn              (no ring)
                                (no ring)
                                (no ring)

@: resistant, wereblooded
A: almost no armour, amphibious, 8 rings, constrict 8, camouflage 1, gelatinous
body 1, nimble swimmer 1
a: no special abilities


You were on level 3 of the Dungeon.
You visited 1 branch of the dungeon, and saw 3 of its levels.

You collected 92 gold pieces.

Inventory:

Missiles
 b - 116 stones (quivered)
 n - 8 boomerangs
Jewellery
 k - a ring of wizardry (left tentacle)
 m - a +4 ring of evasion (right tentacle)
Scrolls
 c - a scroll of immolation {unknown}
 e - 2 scrolls of identify
 f - a scroll of fear {unknown}
 g - 2 scrolls of magic mapping {unknown}
 h - a scroll of random uselessness {unknown}
 i - 2 scrolls of teleportation
Potions
 a - 2 potions of attraction
 l - a potion of flight {unknown}


   Skills:
 + Level 1.3 Fighting
 - Level 2.0 Dodging
 - Level 4.0 Stealth
 + Level 3.1 Unarmed Combat
 - Level 2.0 Spellcasting
 - Level 2.0 Transmutations


You couldn't memorise any spells.
You knew the following spells:

 Your Spells              Type           Power        Failure   Level
a - Beastly Appendage     Tmut           16%          3%          1
b - Wereblood             Tmut           8%           6%          2
c - Spider Form           Tmut/Pois      2%           16%         3

Your spell library contained the following spells:

 Spells                   Type           Power        Failure   Level
 Ice Form                 Ice/Tmut       4%           45%         4
 Blade Hands              Tmut           4%           65%         5


Dungeon Overview and Level Annotations

Branches:
Dungeon (3/15)

Altars:
Ashenzari
Zin

Annotations:
D:2 Sigmund


Innate Abilities, Weirdness & Mutations

You cannot wear most types of armour.
You are amphibious.
You can wear up to eight rings at the same time.
You can use your tentacles to constrict eight enemies at once.
Your skin changes colour to match your surroundings (Stealth+).
Your rubbery body absorbs attacks. (AC +1, EV +1)
You are stealthy while swimming. (Stealth+)


Message History

You constrict the orc, but do no damage.
The orc closely misses you.
You barely miss the orc.
You pierce the orc.
You kill the orc!
You closely miss something.
You hear some strange, mumbled words.
A puff of flame appears from out of thin air!
The puff of flame hits you!
* * * LOW HITPOINT WARNING * * *
Unknown command.
You feel better. Something hits you but does no damage.
Unknown command.
You feel protected.
Your tentacle spike disappears.
An orc priest comes into view.
Something hits you but does no damage.
Unknown command.
You closely miss something. You squeeze something.
Something hits you but does no damage.
You tentacle-slap something but do no damage.
Something barely misses you.
You miss something.
The orc priest looks braver for a moment.
Something hits you.
* * * LOW HITPOINT WARNING * * *
You miss something.
You howl as the wereblood boils in your veins!
You barely miss something. Something hits you.
* * * LOW HITPOINT WARNING * * *
You feel better. Something hits you.
* * * LOW HITPOINT WARNING * * *
You miss something. Your squeeze misses something.
You hear some strange, mumbled words.
A magic dart appears from out of thin air!
The magic dart hits you.
* * * LOW HITPOINT WARNING * * *
You miss something. You squeeze something.
You hear some strange, mumbled words.
A magic dart appears from out of thin air!
The magic dart hits you.
You die...

#.................#
##.###......##....#
#.# #......##....#
#.# #......##....#
#.# #......##....#
#.# #......##._..#
#[# #......####...
#.# #......# ...
#@# ### #{###.....
#o......o(
#####..).. .o. .


You could see an orc priest.

Vanquished Creatures
  An ooze (D:3)
  A leopard gecko (D:3)
  8 orcs
  A bat (D:3)
  2 giant cockroaches
  3 goblins
  5 hobgoblins
  A ball python (D:3)
  2 kobolds (D:1)
  2 rats (D:2)
26 creatures vanquished.

Notes
Turn   | Place    | Note
-------+----------+-------------------------------------------
     0 | D:1      | tilp the Octopode Transmuter began the quest for the Orb.
     0 | D:1      | Reached XP level 1. HP: 13/13 MP: 3/3
   138 | D:1      | Reached skill level 1 in Stealth
   655 | D:1      | Reached skill level 2 in Stealth
   820 | D:1      | Reached XP level 2. HP: 18/18 MP: 5/5
   940 | D:1      | Learned a level 2 spell: Wereblood
  1183 | D:2      | Found a broken altar of Ashenzari.
  1428 | D:2      | Noticed Sigmund
  1893 | D:3      | Reached skill level 3 in Stealth
  2097 | D:3      | Reached XP level 3. HP: 16/23 MP: 4/6
  2101 | D:3      | Learned a level 3 spell: Spider Form
  2319 | D:3      | Reached skill level 4 in Stealth
  2620 | D:3      | Found a glowing silver altar of Zin.
  2686 | D:3      | Killed from afar by an orc wizard

Illustrated notes

Levels and vault maps discovered:
D:1:      psy_arrival_basics, layout_basic
D:2:      layout_loops_ring, ashenzari_altar_1, uniq_sigmund
D:3:      minmay_angry_zag, layout_basic, pdpol_wu_jian_five_deadly_venoms,
          overflow_temple_1_default

Skill      XL: |  1  2  3 |
---------------+----------+-----
Stealth        | 2 3 4 |  4.0
Fighting       | |  1.3
Dodging        | |  2.0
Unarmed Combat | |  3.1
Spellcasting   | |  2.0
Transmutations | |  2.0

Action                   || total
-------------------------++-------
Melee: Unarmed           ||    69
       Tentacles         ||    15
       Constrict         ||    13
       Punch             ||     2
       Kick              ||     5
Throw: Stone             ||     7
 Cast: Beastly Appendage ||    13
       Wereblood         ||     3
  Use: Scroll            ||     6
       Potion            ||     3
 Stab: Sleeping          ||     3
Armor: Skin              ||     3
Dodge: Dodged            ||    29

Table legend: (Time is in decaauts)
 A = Elapsed time spent in this place.
 B = Non-inter-level travel time spent in this place.
 C = Inter-level travel time spent in this place.
 D = Time resting spent in this place.
 E = Time spent auto-exploring this place.
 F = Levels seen in this place.
 G = Mean time per level.
                   A        B        C        D        E       F      G
               +--------+--------+--------+--------+--------+-----+--------+
         Total |   2684 |   2548 |    136 |    707 |   1593 |   3 |  894.7 |
       Dungeon |   2684 |   2548 |    136 |    707 |   1593 |   3 |  894.7 |
               +--------+--------+--------+--------+--------+-----+--------+

Top non-repeatable levels by time:
     D:1: 1132 daAuts
     D:2: 850 daAuts
     D:3: 701 daAuts
